 Dungeon Crawl Stone Soup version 0.28-a0-1510-gd0f6b136d3 (webtiles) character file.

Game seed: 1425693233649418560

2289 Gall2222 the Grappler (level 9, -4/89 HPs)
             Began as a Troll Chaos Knight on Jan 15, 2022.
             Was a Plaything of Xom.
             Slain by a gargoyle (17 damage)
             ... on level 7 of the Dungeon.
             The game lasted 00:05:14 (5183 turns).

Gall2222 the Grappler (Troll Chaos Knight)          Turns: 5183, Time: 00:05:15

Health: -4/89      AC:  5    Str: 22 (24) XL:     9   Next: 17%
Magic:  8/8        EV:  6    Int:  4 (8)  God:    Xom [...*..]
Gold:   393        SH: 11    Dex:  6 (9)  Spells: 8/8 levels left

rFire   + . .      SeeInvis .     - Unarmed
rCold   + . .      Faith    .   p - +0 tower shield
rNeg    . . .      Spirit   .   a - +2 robe
rPois   .          Reflect  .   (helmet restricted)
rElec   .          Harm     .   (no cloak)
rCorr   .          Rampage  .   (gloves unavailable)
Will    .....                   (boots unavailable)
Stlth   +.........              (no amulet)
HPRegen 1.04/turn               f - ring of flight
MPRegen 0.11/turn               l - ring of protection from cold

@: mighty, flying
A: large, unfitting armour, claws 3, regeneration 1, shaggy fur 1, tough skin 1,
clumsy 1, deformed body, deterioration 1, fire resistance 1, screaming 1
a: Renounce Religion


You were on level 7 of the Dungeon.
You worshipped Xom.
You were a favourite toy of Xom.
You visited 1 branch of the dungeon, and saw 7 of its levels.

You collected 393 gold pieces.

Inventory:

Hand Weapons
 t - a +0 giant spiked club
Armour
 a - a +2 robe (worn)
 p - a +0 tower shield (worn)
Jewellery
 f - a ring of flight (left claw)
 l - a ring of protection from cold (right claw)
Wands
 i - a wand of digging (4)
 z - a wand of polymorph (11)
 C - a wand of iceblast (7)
Scrolls
 d - 2 scrolls of magic mapping {unknown}
 e - 2 scrolls of noise {unknown}
 g - 6 scrolls of identify {unknown}
 h - 4 scrolls of teleportation {unknown}
 j - 2 scrolls of fog {unknown}
 m - 2 scrolls of holy word {unknown}
 n - 2 scrolls of enchant armour {unknown}
 q - 2 scrolls of silence {unknown}
 u - a scroll of acquirement {unknown}
 y - a scroll of immolation {unknown}
 A - a scroll of summoning {unknown}
 B - 2 scrolls of blinking {unknown}
 E - a scroll of amnesia {unknown}
 G - a scroll of fear {unknown}
Potions
 c - 2 potions of degeneration
 o - a potion of attraction
 r - a potion of might
 s - a potion of resistance {unknown}
 v - 2 potions of curing {unknown}
 w - a potion of heal wounds {unknown}
 x - a potion of haste {unknown}
 D - a potion of cancellation {unknown}
 F - 2 potions of lignification {unknown}
 H - a potion of brilliance {unknown}


   Skills:
 + Level 5.7 Fighting
 - Level 1.9 Dodging
 + Level 4.5 Shields
 * Level 9.4 Unarmed Combat


You had 8 spell levels left.
You didn't know any spells.
Your spell library contained the following spells:

 Spells                   Type           Power      Damage    Failure   Level
 Animate Skeleton         Necr           0%         N/A       98%         1
 Magic Dart               Conj           0%         1d3       98%         1
 Pain                     Necr           0%         1d4       98%         1
 Corpse Rot               Necr/Air       0%         N/A       99%         2
 Poisonous Vapours        Pois/Air       0%         N/A       99%         2
 Searing Ray              Conj           0%         2d4       99%         2
 Tukima's Dance           Hex            0%         N/A       100%        3
 Vampiric Draining        Necr           0%         2d6       100%        3
 Fulminant Prism          Conj/Hex       0%         3d6       100%        4
 Passage of Golubria      Tloc           0%         N/A       100%        4
 Yara's Violent Unravell  Hex/Tmut       0%         3d3       100%        5
 Malign Gateway           Summ/Tloc      0%         N/A       100%        7
 Summon Horrible Things   Summ           0%         N/A       100%        8


Dungeon Overview and Level Annotations

Branches:
Dungeon (7/15)             Temple (0/1) D:5

Altars:
Ashenzari
Elyvilon
Hepliaklqana
Kikubaaqudgha
Makhleb
Nemelex Xobeh
Okawaru
Qazlal
Ru
Wu Jian
Zin

Annotations:
D:5 Prince Ribbit
D:6 3 runed translucent doors, paps's ghost, amateur OpDe


Innate Abilities, Weirdness & Mutations

You are too large for most types of armour.
You have claws for hands.
Your natural rate of healing is unusually fast.
You are covered in fur. (AC +1)
You have tough skin. (AC +1)
You are clumsy. (Dex -2)
Armour fits poorly on your strangely shaped body.
Your body sometimes deteriorates upon taking damage.
Your flesh is heat resistant. (rF+)
You occasionally shout uncontrollably at your foes.


Message History

The troll is struck by your cactus giant's spines.
The troll bites your cactus giant! The troll claws your cactus giant!
The troll claws your cactus giant.
Your cactus giant hits the troll with a +0 giant spiked club!
The troll is struck by your cactus giant's spines.
The troll dies!
What are your orders? t - Yell!
Orders for allies: a - Attack new target. r - Retreat! s - Stop attacking. g - Guard the area. f - Follow me.
Anything else - Cancel.
Gang up on whom?
Press: ? - help, Dir - move target, f - gargoyle
Aim: a gargoyle, wielding a +1 vorpal morningstar Attack!
The gargoyle is struck by your cactus giant's spines.
The gargoyle hits your cactus giant with a +1 vorpal morningstar!
The gargoyle hurls a stone arrow at you.
The stone arrow hits your cactus giant!!
Your cactus giant is destroyed!
Your cactus giant disappears in a puff of smoke!
The gargoyle is attracted toward you.
You scratch the gargoyle but do no damage.
The gargoyle is moderately damaged.
The gargoyle hits you with a +1 vorpal morningstar!
* * * LOW HITPOINT WARNING * * *
x2
Okay, then.
You barely miss the gargoyle.
The gargoyle is moderately damaged.
The gargoyle hits you but does no damage.
You barely miss the gargoyle.
The gargoyle is moderately damaged.
Xom's power touches on a nearby monster.
The gargoyle seems to slow down.
The gargoyle completely misses you.
You feel less attractive to monsters.
You claw the gargoyle!
The gargoyle is almost destroyed.
The gargoyle hits you with a +1 vorpal morningstar!
You die...

...## ####...)_..#..#
.#.#####.......♣..#..#
.#.#.....##..(....#..#
.#.#.....##########..#
.........# #........#
.#.#.....# ####.#####
...#.....# #.#
.######### #.# ## #@#
# ##########9# #
#....§99§†.#
#.########## #######.#
§§§§9.§.# ######### #


You could see a gargoyle (slow).

Vanquished Creatures
  An unseen horror (D:7)
  A steam dragon (D:6)
  A water moccasin (D:7)
  Pargi (D:4)
  2 ogres
  A centaur (D:5)
  A phantom (D:6)
  Blork the orc (D:5)
  A bullfrog (D:6)
  3 scorpions
  A killer bee (D:7)
  A howler monkey (D:6)
  A lava snake (D:7)
  2 centaur zombies
  A bullfrog skeleton (D:6)
  2 hounds
  An orc priest (D:4)
  A gnoll shaman (D:5)
  A centaur skeleton (D:7)
  Terence (D:3)
  An iguana (D:7)
  3 orc wizards (D:6)
  A hound zombie (D:5)
  6 gnolls
  A howler monkey skeleton (D:7)
  5 adders
  2 white imps
  An ufetubus (D:7)
  4 worms
  3 dart slugs
  9 orcs
  9 ball pythons
  3 endoplasms
  3 giant cockroaches
  5 goblins
  4 hobgoblins
  9 kobolds
  3 quokkas
  5 bats
  5 frilled lizards
  4 rats
111 creatures vanquished.

Vanquished Creatures (collateral kills)
  2 trolls (D:7)
2 creatures vanquished.

Grand Total: 113 creatures vanquished

Notes
Turn   | Place    | Note
-------+----------+-------------------------------------------
     0 | D:1      | Gall2222 the Troll Chaos Knight began the quest for the
                  | Orb.
     0 | D:1      | Reached XP level 1. HP: 22/22 MP: 0/0
    54 | D:1      | Found a faded altar of an unknown god.
   151 | D:1      | XOM: noise
   261 | D:1      | Reached XP level 2. HP: 27/29 MP: 1/1
   296 | D:1      | XOM: silly message
   356 | D:1      | XOM: 8-stop teleportation journey
   480 | D:1      | XOM: silly message
   599 | D:1      | XOM: divination: magic mapping
   624 | D:1      | XOM: silly message
   850 | D:2      | XOM: divination: magic mapping
  1296 | D:2      | Reached XP level 3. HP: 36/36 MP: 2/2
  1347 | D:3      | Reached skill level 4 in Unarmed Combat
  1375 | D:3      | XOM: silly message
  1588 | D:3      | Reached XP level 4. HP: 44/45 MP: 3/3
  1592 | D:3      | Noticed Terence
  1595 | D:3      | Killed Terence
  1616 | D:3      | Found a broken altar of Ashenzari.
  1761 | D:3      | Found a hazy altar of Hepliaklqana.
  1840 | D:3      | Found a stormy altar of Qazlal.
  1857 | D:3      | XOM is BORED!
  2104 | D:4      | Noticed an ogre
  2112 | D:4      | XOM: scenery: summon butterflies
  2114 | D:4      | XOM: cleaving
  2138 | D:4      | XOM: silly message
  2146 | D:4      | XOM: confusion (+ monsters)
  2150 | D:4      | XOM: smoke on damage
  2153 | D:4      | Killed an ogre
  2154 | D:4      | Reached skill level 1 in Shields
  2154 | D:4      | Reached skill level 5 in Unarmed Combat
  2154 | D:4      | Reached XP level 5. HP: 12/53 MP: 4/4
  2254 | D:4      | XOM: silly message
  2321 | D:4      | Noticed Pargi
  2323 | D:4      | XOM: silly message
  2327 | D:4      | XOM: summons friendly white imp
  2329 | D:4      | Killed Pargi
  2330 | D:4      | Reached XP level 6. HP: 47/62 MP: 5/5
  2567 | D:4      | XOM: potion effect (curing)
  2580 | D:4      | Identified the +1 trident of Analysis {vorpal, rF+}
  2781 | D:4      | XOM: draining
  3025 | D:5      | Entered Level 5 of the Dungeon
  3075 | D:5      | Found an iron altar of Okawaru.
  3077 | D:5      | Found a sparkling altar of Nemelex Xobeh.
  3146 | D:5      | Reached skill level 6 in Unarmed Combat
  3177 | D:5      | XOM: silly message
  3205 | D:5      | Noticed Blork the orc
  3215 | D:5      | Killed Blork the orc
  3216 | D:5      | Reached XP level 7. HP: 64/69 MP: 6/6
  3260 | D:5      | Found an ancient bone altar of Kikubaaqudgha.
  3260 | D:5      | Noticed Prince Ribbit
  3262 | D:5      | Found a white marble altar of Elyvilon.
  3323 | D:5      | Found a staircase to the Ecumenical Temple.
  3350 | D:5      | XOM: summons 1 hostile demon
  3393 | D:5      | Found a burning altar of Makhleb.
  3481 | D:5      | XOM: noise
  3482 | D:5      | XOM: silly message
  3689 | D:5      | XOM: summons 2 hostile shadow creatures
  4010 | D:6      | Found a runed translucent gate.
  4010 | D:6      | Found a runed translucent gate.
  4010 | D:6      | Found a runed translucent gate.
  4011 | D:6      | Noticed paps's ghost (amateur OpDe)
  4016 | D:6      | Noticed a steam dragon
  4016 | D:6      | a hound changed into a steam dragon
  4016 | D:6      | XOM: polymorph hound -> steam dragon
  4017 | D:6      | XOM: summons 2 hostile shadow creatures
  4018 | D:6      | XOM: destruction
  4020 | D:6      | Killed a steam dragon
  4186 | D:6      | Reached skill level 7 in Unarmed Combat
  4299 | D:6      | XOM: 1-stop teleportation journey
  4325 | D:6      | Reached XP level 8. HP: 79/79 MP: 7/7
  4601 | D:6      | Found a glowing silver altar of Zin.
  4614 | D:6      | Found a sacrificial altar of Ru.
  4850 | D:7      | XOM: swap monsters
  4906 | D:7      | Reached skill level 5 in Fighting
  4906 | D:7      | Reached skill level 8 in Unarmed Combat
  4967 | D:7      | Noticed Pikel
  4990 | D:7      | XOM is BORED!
  4990 | D:7      | Pikel changed into something unseen
  4990 | D:7      | XOM: polymorph Pikel -> something unseen
  4993 | D:7      | Killed Pikel the unseen horror
  5020 | D:7      | XOM: swap monsters
  5049 | D:7      | Found an ornate altar of the Wu Jian Council.
  5121 | D:7      | Noticed a gargoyle
  5121 | D:7      | Noticed a troll
  5121 | D:7      | Noticed a troll
  5125 | D:7      | Gained mutation: Your body sometimes deteriorates upon
                  | taking damage. [potion of mutation]
  5125 | D:7      | Gained mutation: You expend magic power (3 MP) to
                  | strengthen your wands. [potion of mutation]
  5125 | D:7      | Gained mutation: You are weak. (Str -2) [potion of
                  | mutation]
  5126 | D:7      | Lost mutation: You expend magic power (3 MP) to strengthen
                  | your wands. [potion of mutation]
  5126 | D:7      | Lost mutation: You are weak. (Str -2) [potion of mutation]
  5126 | D:7      | Gained mutation: Armour fits poorly on your strangely
                  | shaped body. [potion of mutation]
  5126 | D:7      | Gained mutation: You occasionally shout uncontrollably at
                  | your foes. [potion of mutation]
  5126 | D:7      | Gained mutation: You are clumsy. (Dex -2) [potion of
                  | mutation]
  5126 | D:7      | Gained mutation: Your flesh is heat resistant. (rF+)
                  | [potion of mutation]
  5144 | D:7      | XOM: summons 2 friendly demons
  5171 | D:7      | XOM: cast spell 'Summon Cactus Giant'
  5174 | D:7      | Killed a troll
  5175 | D:7      | Reached skill level 9 in Unarmed Combat
  5175 | D:7      | Reached XP level 9. HP: 18/88 MP: 8/8
  5177 | D:7      | Killed a troll
  5182 | D:7      | XOM: enchant monster (good)
  5183 | D:7      | Slain by a gargoyle

Illustrated notes

Levels and vault maps discovered:
D:1:      dpeg_arrival_short_road, layout_basic,
          hellmonk_ecumenical_altar_arch_garden
D:2:      minmay_general_purpose_star, layout_basic, kennysheep_generic_room_10
D:3:      layout_loops_cross, nicolae_overflow_crystal_walls,
          nicolae_ashenzari_panopticon, mainiacjoe_overflow_boulevard,
          minmay_pentomino_pile, uniq_terence
D:4:      layout_basic, uniq_pargi
D:5:      layout_basic, mainiacjoe_overflow_cross_hatched,
          nicolae_overflow_hidden_temple, minmay_temple_entry_grid,
          grunt_decor_clamped, uniq_blork_the_orc, uniq_prince_ribbit1
D:6:      layout_cave_pools, amethyst_overflow_temple_binary,
          gammafunk_ghost_nasty_kobolds, serial_glass, glass_columns_c,
          glass_columns_a
D:7:      layout_loops_cross, nzn_wu_jian_contemplation,
          kennysheep_another_room, kennysheep_doodads, minmay_manual_moon,
          uniq_pikel

Skill      XL: |  1  2  3  4  5  6  7  8 |
---------------+-------------------------+-----
Unarmed Combat | 4 5 6 7 9 |  9.4
Fighting       | 3 4 5 |  5.7
Shields        | 1 2 3 4 |  4.5
Dodging        | |  1.9

Action                   |  1- 3 |  4- 6 |  7- 9 || total
-------------------------+-------+-------+-------++-------
Melee: Unarmed           |   103 |   103 |   149 ||   355
       Punch             |     2 |     1 |       ||     3
  Use: Potion            |       |       |     6 ||     6
Armor: Robe              |    31 |    37 |    53 ||   121
Dodge: Dodged            |    48 |    22 |    37 ||   107
Block: Tower shield      |       |    53 |    88 ||   141

Table legend: (Time is in decaauts)
 A = Elapsed time spent in this place.
 B = Non-inter-level travel time spent in this place.
 C = Inter-level travel time spent in this place.
 D = Time resting spent in this place.
 E = Time spent auto-exploring this place.
 F = Levels seen in this place.
 G = Mean time per level.
                   A        B        C        D        E       F      G
               +--------+--------+--------+--------+--------+-----+--------+
         Total |   5220 |   5118 |    102 |    175 |   3930 |   7 |  745.7 |
       Dungeon |   5220 |   5118 |    102 |    175 |   3930 |   7 |  745.7 |
               +--------+--------+--------+--------+--------+-----+--------+

Top non-repeatable levels by time:
     D:5: 1141 daAuts
     D:4: 967 daAuts
     D:1: 831 daAuts
     D:3: 752 daAuts
     D:6: 547 daAuts
     D:7: 497 daAuts
     D:2: 482 daAuts
